 Dungeon Crawl Stone Soup version 0.31-a0-233-g139696dc86 (webtiles) character file.

Game seed: 1306923681406901675

135 Tocho the Chopper (level 5, -2/21 (79) HPs)
             Began as an Ogre Reaver on July 9, 2023.
             Succumbed to a kobold's poison
             ... on level 3 of the Dungeon.
             The game lasted 00:04:17 (2567 turns).

Tocho the Chopper (Ogre Reaver)                     Turns: 2567, Time: 00:04:18

HP:   -2/21 (79)    AC:  4    Str: 16    XL:     5   Next: 18%
MP:   7/9           EV:  9    Int: 16    God:
Gold: 93            SH:  0    Dex:  7    Spells: 8/9 levels left

rFire   + . .        a - +0 hand axe (flame)
rCold   . . .        (no shield)
rNeg    . . .        c - +1 robe {rF+}
rPois   .            (helmet restricted)
rElec   .            (no cloak)
rCorr   .            (gloves unavailable)
SInv    .            (boots unavailable)
Will    .....        g - amulet of guardian spirit Stlth
                     (no ring)
HPRegen 0.23/turn    (no ring)
MPRegen 0.11/turn

%: guardian spirit
@: berserking, lethally poisoned (-2 -> -17), about to teleport, extremely
drained, invisible, very quick
A: large, unfitting armour, tough skin 1
a: no special abilities


You were on level 3 of the Dungeon.
You visited 1 branch of the dungeon, and saw 3 of its levels.

You collected 93 gold pieces.

Inventory:

Hand Weapons
 a - a +0 hand axe of flaming (weapon)
Missiles
 k - 3 javelins
 m - 4 curare-tipped darts
 p - 5 boomerangs
Armour
 b - a +0 robe
 c - a +1 robe of fire resistance (worn)
 f - a +0 buckler
Jewellery
 g - an amulet of guardian spirit (around neck)
Scrolls
 d - 3 scrolls of identify
 l - a scroll of revelation {unknown}
 n - a scroll of blinking {unknown}
 o - a scroll of fog {unknown}
 q - a scroll of vulnerability {unknown}
Potions
 e - a potion of invisibility
 h - a potion of enlightenment {unknown}
 j - a potion of attraction {unknown}
 r - a potion of berserk rage


   Skills:
 + Level 3.3 Fighting
 + Level 4.0 Axes
 + Level 2.2 Dodging
 - Level 0.3 Stealth
 + Level 2.8 Spellcasting
 + Level 3.5 Conjurations
 + Level 0.9 Necromancy


You had 8 spell levels left.
You knew the following spells:

 Your Spells              Type           Power      Damage    Failure   Level
a - Kiss of Death         Conj/Necr      36%        2d8       8%          1

Your spell library contained the following spells:

 Spells                   Type           Power      Damage    Failure   Level
 Momentum Strike          Conj/Tloc      14%        3d8       14%         2
 Hailstorm                Conj/Ice       7%         3d4       28%         3
 Summon Guardian Golem    Hex/Summ       2%         N/A       50%         3
 Orb of Destruction       Conj           6%         9d6       100%        7
 Spellforged Servitor     Conj/Summ      3%         N/A       100%        7


Dungeon Overview and Level Annotations

Branches:
Dungeon (3/15)

Altars:


Innate Abilities, Weirdness & Mutations

You are too large for most types of armour.
You have tough skin. (AC +1)


Message History

You hit the endoplasm. You burn the endoplasm.
You kill the endoplasm!
No target in view!
Found 5 stones.
You open the door.
There is an open door here.
Found a hand axe.
Found 4 stones.
Found 4 stones.
Found a stone staircase leading up.
r - 2 emerald potions An iguana comes into view.
The iguana hisses angrily.
An iguana is nearby!
A kobold comes into view.
It is wielding a +0 whip and quivering poisoned darts.
Found a ring mail.
The kobold shouts!
Aiming: Kiss of Death (safe; 9% risk of failure)
Press: ? - help, Q - select action, (/) - cycle Shift-Dir - straight line, f - iguana
Aim: an iguana (100% to hit)
The negative energy hits the iguana!
The iguana is drained!
You kill the iguana!
You feel drained.
An adder comes into view.
The kobold throws a poisoned dart.
The poisoned dart hits you!
You are lethally poisoned!
Your Axes skill increases to level 4!
You have reached level 5!
As you read the scroll of teleportation, it crumbles to dust.
You feel strangely unstable.
* * * LOW HITPOINT WARNING * * *
You feel sick.
You fade into invisibility!
* * * LOW HITPOINT WARNING * * *
You feel sick.
The kobold throws a poisoned dart.
The poisoned dart hits you!
You are more poisoned.
It was a potion of berserk rage.
A red film seems to cover your vision as you go berserk!
You feel yourself moving faster!
You feel mighty!
You die...

........###...##
..........###.+
............#####
..#.............###
..#............##.###
.............#......#
# # ................#
.#.#
...........####.##
..... .....##<####
#.@##...... .....#..#
##......... ######.##
#......... #.
#.##.K.... #. ..#
#?.... #. #### .....
#. .... ... .[.


You could see a kobold (unable to see you).

Vanquished Creatures
  Terence (D:2)
  An iguana (D:3)
  2 adders
  2 gnolls (D:1)
  A worm (D:2)
  2 dart slugs (D:1)
  3 ball pythons
  3 bats
  3 endoplasms
  A giant cockroach (D:1)
  3 goblins (D:1)
  5 hobgoblins
  6 kobolds
  3 quokkas
  2 frilled lizards (D:2)
  A rat (D:2)
39 creatures vanquished.

Notes
Turn   | Place    | Note
-------+----------+-------------------------------------------
     0 | D:1      | Tocho the Ogre Reaver began the quest for the Orb.
     0 | D:1      | Reached XP level 1. HP: 22/22 MP: 3/3
     2 | D:1      | Noticed a draconian
     2 | D:1      | Noticed a demonspawn
     4 | D:1      | Noticed a vine stalker
     4 | D:1      | Noticed a tengu
     6 | D:1      | Noticed a felid
     6 | D:1      | Noticed a vampire
     8 | D:1      | Noticed a spriggan
    10 | D:1      | Noticed a ghoul
    12 | D:1      | Noticed a demigod
    12 | D:1      | Noticed a merfolk
    14 | D:1      | Noticed an octopode
    14 | D:1      | Noticed a formicid
    16 | D:1      | Noticed a minotaur
    16 | D:1      | Noticed a troll
    18 | D:1      | Noticed an armataur
    20 | D:1      | Noticed a human
    20 | D:1      | Noticed a meteoran
    22 | D:1      | Noticed an ogre
    22 | D:1      | Noticed a gargoyle
    24 | D:1      | Noticed a naga
    24 | D:1      | Noticed a ghoul
    26 | D:1      | Noticed a merfolk
    26 | D:1      | Noticed a vampire
   175 | D:1      | Reached XP level 2. HP: 22/29 MP: 3/5
   746 | D:1      | Reached XP level 3. HP: 28/28 MP: 6/6
  1629 | D:2      | Reached XP level 4. HP: 29/30 MP: 5/7
  1748 | D:2      | Noticed Terence
  1755 | D:2      | Killed Terence
  2565 | D:3      | Reached skill level 4 in Axes
  2565 | D:3      | Reached XP level 5. HP: 3/14 MP: 7/9
  2567 | D:3      | Succumbed to a kobold's poison

Illustrated notes

Levels and vault maps discovered:
D:1:      kb_arrival_jail, layout_basic, nicolae_grassy_gnolls
D:2:      layout_loops_corners, uniq_terence
D:3:      minmay_skewed_foursquare, layout_rooms, chequers_decorated_corner,
          uniq_jessica

Skill      XL: |  1  2  3  4 |
---------------+-------------+-----
Conjurations   | 3 |  3.5
Dodging        | 2 |  2.2
Fighting       | 3 |  3.3
Axes           | 4 |  4.0
Stealth        | |  0.3
Spellcasting   | |  2.8
Necromancy     | |  0.9

Action                     |  1- 3 |  4- 6 || total
---------------------------+-------+-------++-------
  Melee: Hand axe          |    63 |    37 ||   100
         Punch             |     1 |       ||     1
  Throw: Javelin           |     1 |       ||     1
   Cast: Kiss of Death     |     4 |     7 ||    11
    Use: Scroll            |     3 |     1 ||     4
         Potion            |       |     2 ||     2
 Armour: Robe              |    20 |    11 ||    31
  Dodge: Dodged            |    26 |    24 ||    50

Table legend: (Time is in decaauts)
 A = Elapsed time spent in this place.
 B = Non-inter-level travel time spent in this place.
 C = Inter-level travel time spent in this place.
 D = Time resting spent in this place.
 E = Time spent auto-exploring this place.
 F = Levels seen in this place.
 G = Mean time per level.
                   A        B        C        D        E       F      G
               +--------+--------+--------+--------+--------+-----+--------+
         Total |   2579 |   2409 |    170 |      0 |   2098 |   3 |  859.7 |
       Dungeon |   2579 |   2409 |    170 |      0 |   2098 |   3 |  859.7 |
               +--------+--------+--------+--------+--------+-----+--------+

Top non-repeatable levels by time:
     D:1: 1433 daAuts
     D:2: 1000 daAuts
     D:3: 145 daAuts
